Map: Triton LE

Players

starry (iAsonu) - Winner!

  • Race: Zerg Zerg
  • Spawn Location: 11:00

GogojOey

  • Race: Zerg Zerg
  • Spawn Location: 5:00

Event: NationWars 2019

VOD

Have the link to the VOD?

Description

Time

  • Played on: Oct. 3, 2019, 12:06 p.m.
  • Length: 6:59
Show
View Real Time Build Order
Export as new Build Order

starry Zerg - Winner!

Build Orders: Hatch First, Roach Nydus 

Get SALT Encoding   

  12  0:01  Drone  
  13  0:12  Overlord  
  13  0:16  Drone  
  14  0:30  Drone x2  
  16  0:48  Hatchery  
  15  0:51  Drone  
  15  0:55  Drone  
  17  0:58  Drone  
  18  1:09  Extractor  
  17  1:13  Spawning Pool  
  17  1:17  Drone  
  17  1:19  Drone  
  18  1:29  Drone  
  19  1:45  Overlord  
  19  1:50  Drone  
  20  2:00  Queen x2  
  20  2:01  Zergling x2  
  25  2:04  Drone  
  26  2:13  Drone x2  
  28  2:23  Drone x2  
  30  2:35  Hatchery  
  29  2:41  Drone  
  30  2:45  Queen  
  30  2:50  Overlord  
  32  2:52  Drone  
  32  2:56  Drone  
  35  2:58  Drone  
  35  3:02  Drone  
  36  3:10  Drone x6  
  42  3:13  Drone x2  
  44  3:21  Roach Warren  
  44  3:25  Drone, Evolution Chamber  
  43  3:29  Overlord  
  43  3:31  Drone  
  44  3:36  Extractor  
  44  3:37  Extractor  
  44  3:38  Lair  
  44  3:40  Drone  
  42  3:41  Drone  
  42  3:43  Drone  
  44  3:49  Drone x3  
  44  3:51  Zerg Missile Weapons Level 1  
  44  3:54  Drone  
  48  3:57  Drone x2  
  48  4:00  Drone x2  
  52  4:03  Drone x2  
  52  4:09  Overlord  
  54  4:10  Drone x2  
  54  4:12  Drone  
  54  4:14  Drone  
  58  4:19  Extractor  
  58  4:22  Overlord  
  57  4:29  Roach x4  
  65  4:34  Overlord  
  65  4:38  Glial Reconstitution  
  65  4:39  Overseer  
  65  4:41  Overlord  
  65  4:43  Roach x3  
  65  4:45  Overlord  
  71  4:51  Overlord  
  71  4:52  Roach x3  
  77  4:58  Roach x2  
  81  5:03  Roach x3  
  87  5:11  Roach x4  
  95  5:16  Overlord  
  95  5:21  Roach  
  95  5:22  Roach x3  
  95  5:26  Overlord  
  103  5:30  Overlord  
  103  5:33  Queen  
  103  5:34  Queen  
  107  5:37  Roach x2  
  111  5:45  Spore Crawler  
  111  5:47  Roach  
  111  5:48  Nydus Network, Roach  
  113  5:55  Roach x4  
  121  5:59  Overlord  
  121  6:05  Overlord  
  121  6:14  Overlord  
  121  6:17  Queen  
  123  6:19  Roach x3  
  123  6:24  Nydus Canal  
  131  6:25  Roach  
  131  6:26  Roach x3  
  133  6:33  Roach  
  133  6:34  Roach x4  
  133  6:35  Roach  
Show
View Real Time Build Order
Export as new Build Order

GogojOey Zerg 

Build Orders: Hatch First 

Get SALT Encoding   

  12  0:00  Drone  
  13  0:12  Overlord  
  13  0:17  Drone  
  14  0:31  Drone x2  
  16  0:48  Hatchery  
  15  0:51  Drone  
  15  0:54  Drone  
  17  0:57  Drone  
  18  1:07  Extractor  
  17  1:12  Spawning Pool  
  17  1:15  Drone  
  17  1:19  Drone  
  18  1:28  Drone  
  19  1:39  Drone  
  20  1:49  Drone  
  21  2:00  Queen, Overlord  
  21  2:01  Drone, Queen  
  26  2:11  Drone x2  
  28  2:21  Drone x2  
  30  2:33  Drone x2  
  30  2:36  Queen  
  34  2:42  Overlord  
  34  2:44  Drone  
  35  2:54  Drone, Lair  
  35  2:55  Evolution Chamber  
  35  2:59  Roach Warren  
  35  3:00  Drone  
  35  3:06  Drone x2, Extractor  
  35  3:07  Extractor  
  35  3:08  Drone x3  
  35  3:09  Drone  
  35  3:11  Drone  
  40  3:15  Drone  
  40  3:19  Overlord  
  41  3:22  Zerg Missile Weapons Level 1  
  41  3:25  Drone, Extractor  
  41  3:27  Drone  
  41  3:31  Drone  
  43  3:39  Zergling x2  
  43  3:40  Drone  
  45  3:45  Drone, Evolution Chamber  
  45  3:47  Drone x4  
  49  3:55  Spire  
  48  3:57  Drone  
  48  4:02  Drone x2  
  51  4:04  Overseer  
  51  4:10  Overlord  
  51  4:14  Drone  
  52  4:26  Drone, Hatchery  
  52  4:30  Glial Reconstitution  
  52  4:41  Overlord  
  52  4:45  Overseer  
  51  4:49  Overlord x2  
  51  4:51  Drone x3  
  54  4:53  Drone  
  55  5:07  Mutalisk x7  
  55  5:11  Queen  
  73  5:14  Roach  
  73  5:20  Roach x2  
  73  5:21  Roach  
  79  5:24  Roach  
  79  5:25  Roach  
  83  5:31  Overlord  
  83  5:38  Spine Crawler  
  83  5:39  Roach x2  
  86  5:43  Evolution Chamber  
  87  5:51  Drone x8  
  95  5:58  Overlord  
  95  6:01  Roach x2  
  97  6:06  Extractor  
  97  6:09  Overlord x2  
  96  6:12  Roach  
  96  6:13  Spine Crawler  
  96  6:18  Roach x3  
  103  6:20  Ravager x2  
  105  6:25  Overlord  
  105  6:32  Roach x5  
  111  6:35  Roach x2  
  111  6:39  Roach x2  
Tags
 
Add a new tag
Caveats
  • Supply blocks, unpowered buildings, or Contaminate may cause inaccurate times.
  • Supply counts are checked every 10 seconds.